 Dungeon Crawl Stone Soup version 0.27.1-33-g824d729ab1 (webtiles) character file.

Game seed: 2586035036575908547

478 MisterFreud the Grappler (level 7, -1/60 HPs)
             Began as a Ghoul Monk on Dec 19, 2021.
             Slain by a black bear (10 damage)
             ... on level 4 of the Dungeon.
             The game lasted 00:05:21 (4853 turns).

MisterFreud the Grappler (Ghoul Monk)               Turns: 4853, Time: 00:05:22

Health: -1/60      AC:  3    Str: 16    XL:     7   Next: 11%
Magic:  6/6        EV: 12    Int:  6    God:
Gold:   96         SH:  0    Dex: 11    Spells: 6/6 levels left

rFire    . . .     SeeInvis .     - Unarmed
rCold    + . .     Faith    .   (no shield)
rNeg     + + +     Spirit   .   a - +1 robe
rPois    ∞         Reflect  .   (no helmet)
rElec    .         Harm     .   (no cloak)
rCorr    .         Rampage  .   (no gloves)
Will     .....                  (no boots)
Stlth    ++........             (no amulet)
HPRegen  0.00/turn              (no ring)
MPRegen  0.10/turn              (no ring)

@: inhibited regen
A: claws 1, cold resistance 1, negative energy resistance 3, inhibited
regeneration, torment resistance 2
a: no special abilities


You were on level 4 of the Dungeon.
You visited 1 branch of the dungeon, and saw 5 of its levels.

You collected 201 gold pieces.
You spent 105 gold pieces at shops.

Inventory:

Hand Weapons
 k - a +0 hand axe of flaming
Missiles
 p - 2 throwing nets (quivered)
Armour
 a - a +1 robe (worn)
 h - a +0 plate armour
Scrolls
 b - 2 scrolls of enchant weapon {unknown}
 c - a scroll of amnesia {unknown}
 d - a scroll of teleportation {unknown}
 f - 2 scrolls of magic mapping {unknown}
 g - 2 scrolls of immolation {unknown}
 i - a scroll of identify {unknown}
 j - a scroll of noise {unknown}
 m - a scroll of vulnerability {unknown}
 n - a scroll of blinking
 o - a scroll of fear {unknown}
Potions
 e - a potion of brilliance {unknown}
 l - a potion of attraction {unknown}
 q - a potion of flight {unknown}


   Skills:
 + Level 4.6 Fighting
 - Level 2.6 Dodging
 - Level 2.1 Stealth
 - Level 8.0 Unarmed Combat


You had 6 spell levels left.
You didn't know any spells.
Your spell library contained the following spells:

 Spells                   Type           Power      Damage    Failure   Level
 Shock                    Conj/Air       0%         1d3       45%         1
 Ozocubu's Armour         Ice            0%         N/A       83%         3
 Silence                  Hex/Air        0%         N/A       100%        5
 Death Channel            Necr           0%         N/A       100%        6
 Simulacrum               Ice/Necr       0%         N/A       100%        6
 Ozocubu's Refrigeration  Ice            0%         4d5       100%        7
 Sublimation of Blood     Necr           Unusable   N/A       N/A         2

Dungeon Overview and Level Annotations

Branches:
Dungeon (5/15)
 Temple: D:4-7

Altars:

Shops:
D:4 *(

Annotations:
D:1 Terence


Innate Abilities, Weirdness & Mutations

You thrive by killing the living.
You are immune to poison.
You have sharp fingernails.
Your flesh is cold resistant. (rC+)
You are immune to negative energy. (rN+++)
You do not regenerate when monsters are visible.
You are immune to unholy pain and torment.


Message History

You feel better.
Unknown command.
You start resting.
A black bear comes into view.
A black bear is nearby!
p - 2 throwing nets (gained 1)
You catch the helpless black bear completely off-guard!
You scratch the black bear.
The black bear is moderately wounded.
The black bear bites you. The black bear claws you. x2
You scratch the black bear.
The black bear is heavily wounded.
The black bear closely misses you. The black bear misses you.
The black bear claws you but does no damage.
You scratch the black bear but do no damage.
The black bear is heavily wounded.
You claw the black bear! Your claw misses the black bear.
The black bear is severely wounded.
The black bear goes berserk!
You claw the black bear!
The black bear is almost dead.
The black bear bites you! The black bear claws you.
The black bear claws you but does no damage.
The black bear bites you. The black bear claws you.
The black bear claws you but does no damage.
You barely miss the black bear.
The black bear is almost dead.
The black bear bites you!
* * * LOW HITPOINT WARNING * * *
The black bear claws you.
* * * LOW HITPOINT WARNING * * *
The black bear claws you.
* * * LOW HITPOINT WARNING * * *
Unknown command.
Unknown command.
Unknown command.
You closely miss the black bear.
The black bear is almost dead.
The black bear bites you!
You die...

#...#...#...#)#
##..#
#....#....#)..##.
##..#
..#.....#)..###..
#...#
#.....$#.....#
#.###..##
....#.......##
#........
.............#
##......#
#######.######
###......<
#.########.........
#.@h.............##
########...........
#.(.........
#......#....
#...........
######.#....
#######...
#...[...##
#.#####.#


You could see a black bear (berserk).

Vanquished Creatures
  A yak (D:4)
  A centaur zombie (D:3)
  Jessica (D:3)
  2 iguanas
  2 orc wizards (D:3)
  3 gnolls (D:4)
  6 adders
  2 worms (D:2)
  3 dart slugs (D:2)
  8 orcs (D:3)
  10 endoplasms
  A giant cockroach (D:3)
  4 goblins
  6 hobgoblins
  5 jackals
  9 kobolds
  10 ball pythons
  8 bats
  A frilled lizard (D:1)
  3 rats
86 creatures vanquished.

Notes
Turn   | Place    | Note
-------+----------+-------------------------------------------
     0 | D:1      | MisterFreud the Ghoul Monk began the quest for the Orb.
     0 | D:1      | Reached XP level 1. HP: 19/19 MP: 0/0
   220 | D:1      | Reached XP level 2. HP: 16/26 MP: 1/1
   398 | D:1      | Reached skill level 4 in Unarmed Combat
   838 | D:1      | Found a faded altar of an unknown god.
   911 | D:1      | Reached XP level 3. HP: 31/31 MP: 2/2
  1022 | D:2      | Noticed Terence
  1445 | D:2      | Reached skill level 5 in Unarmed Combat
  1771 | D:2      | Reached XP level 4. HP: 35/38 MP: 3/3
  2711 | D:3      | Noticed Jessica
  2719 | D:3      | Killed Jessica
  2720 | D:3      | Reached skill level 6 in Unarmed Combat
  2757 | D:3      | Reached XP level 5. HP: 45/45 MP: 4/4
  3370 | D:3      | Reached skill level 7 in Unarmed Combat
  3370 | D:3      | Reached XP level 6. HP: 42/51 MP: 5/5
  3873 | D:4      | Found Zyrenki's Weapon Boutique.
  3874 | D:4      | Found Ygut's General Store.
  3881 | D:4      | Bought a scroll of blinking for 105 gold pieces
  3966 | D:4      | Noticed a yak
  3986 | D:4      | Killed a yak
  3987 | D:4      | Reached skill level 8 in Unarmed Combat
  4279 | D:4      | Got Xeqag's Incunabulum of Darkness and Flight
  4319 | D:5      | Entered Level 5 of the Dungeon
  4417 | D:5      | Noticed a wyvern
  4518 | D:4      | Reached XP level 7. HP: 42/59 MP: 6/6
  4853 | D:4      | Slain by a black bear

Illustrated notes

Levels and vault maps discovered:
D:1:      ebering_trefoil_3fold, layout_basic, basic_ecumenical_altar
D:2:      layout_basic, grunt_ministairs_10, hangedman_decor_opposing,
          uniq_terence
D:3:      layout_loops_corners, minmay_box_of_dots, uniq_jessica
D:4:      layout_basic, nicolae_wooded_promenade, minmay_increasing_density
D:5:      layout_rooms, nicolae_sif_muna_little_library,
          mainiacjoe_overflow_alcove_2, jmf_multi_god_temple, serial_park_tiny_2

Skill      XL: |  1  2  3  4  5  6 |
---------------+-------------------+-----
Unarmed Combat | 4 5 6 7 8 |  8.0
Fighting       | 4 |  4.6
Dodging        | |  2.6
Stealth        | |  2.1

Action                   |  1- 3 |  4- 6 |  7- 9 || total
-------------------------+-------+-------+-------++-------
Melee: Unarmed           |   128 |   153 |    21 ||   302
       Punch             |     1 |     5 |     1 ||     7
  Use: Potion            |     2 |       |       ||     2
       Scroll            |     1 |       |       ||     1
 Stab: Sleeping          |     5 |     2 |       ||     7
       Distracted        |       |       |     1 ||     1
Armor: Robe              |    28 |    29 |     3 ||    60
Dodge: Dodged            |    82 |    78 |     7 ||   167
